 Dungeon Crawl Stone Soup version 0.31.0-9-g3a7656b989 (webtiles) character file.

Game seed: 4141070555320451015

20 qw the Shooter (level 2, 0/14 HPs)
             Began as a Spriggan Hunter on Feb 2, 2024.
             Slain by an orc
             ... wielding a +0 short sword
              (2 damage)
             ... on level 2 of the Dungeon.
             The game lasted 00:00:02 (878 turns).

qw the Shooter (Spriggan Hunter)                     Turns: 878, Time: 00:00:03

Health: 0/14       AC:  2    Str:  7    XL:     2   Next: 58%
Magic:  3/3        EV: 19    Int: 10    God:
Gold:   43         SH:  0    Dex: 18    Spells: 1/1 levels left

rFire   . . .        a - +0 shortbow
rCold   . . .        (shield currently unavailable)
rNeg    . . .        c - +0 robe
rPois   .            (helmet restricted)
rElec   .            (no cloak)
rCorr   .            (gloves unavailable)
SInv    +            (boots unavailable)
Will    +....        (no amulet)
Stlth   ++           f - ring of willpower
HPRegen 0.22/turn    (no ring)
MPRegen 0.08/turn

%: no passive effects
@: very quick
A: very small, no large weapons, unfitting armour, see invisible, speed 3
a: no special abilities


You were on level 2 of the Dungeon.
You visited 1 branch of the dungeon, and saw 2 of its levels.

You collected 43 gold pieces.


Innate Abilities, Weirdness & Mutations

You are very small and have problems with some larger weapons.
You are too small for most types of armour.
You have supernaturally acute eyesight. (SInv)
You cover ground extremely quickly. (Speed+++)


   Skills:
 - Level 1.5 Fighting
 + Level 4.2 Ranged Weapons
 - Level 4.0 Dodging
 - Level 1.5 Stealth


You had one spell level left.
You didn't know any spells.
Your spell library was empty.

Inventory:

Hand Weapons
 a - a +0 shortbow (weapon)
Armour
 c - a +0 robe (worn)
Jewellery
 f - a ring of willpower (left hand)
Scrolls
 b - a scroll of fear {unknown}

Dungeon Overview and Level Annotations

Branches:
Dungeon (2/15)

Altars:


Message History

The arrow hits the orc but does no damage.
The orc is almost dead.
The orc misses you. The orc closely misses you. x2
You shoot an arrow. The arrow hits the orc.
You kill the orc!
The orc barely misses you. The orc misses you.
You shoot an arrow. The arrow barely misses the orc.
The orc completely misses you. The orc misses you. The orc barely misses you.
The orc completely misses you. The orc barely misses you. x2
You shoot an arrow. The arrow hits the orc.
The orc is moderately wounded.
The orc closely misses you. The orc completely misses you. x2
You shoot an arrow. The arrow barely misses the orc.
The orc barely misses you. The orc hits you with a +0 short sword.
The orc misses you.
You shoot an arrow. The arrow hits the orc.
The orc is heavily wounded.
The orc hits you with a +0 short sword. The orc barely misses you.
The orc closely misses you.
A bat comes into view.
You shoot an arrow. The arrow closely misses the orc.
The orc barely misses you. The orc misses you.
The orc hits you but does no damage.
You shoot an arrow.
The arrow hits the orc but does no damage.
The orc is heavily wounded.
The orc completely misses you. The orc misses you. The orc barely misses you.
The orc hits you but does no damage. The orc barely misses you.
The orc hits you with a +0 hand axe.
You shoot an arrow. The arrow barely misses the orc.
The orc barely misses you. The orc closely misses you. The orc misses you.
You shoot an arrow.
The arrow hits the orc but does no damage.
The orc is heavily wounded.
The orc hits you with a +0 hand axe. The orc hits you with a +0 short sword.
The orc completely misses you.
You shoot an arrow. The arrow hits the orc.
You kill the orc!
The orc hits you with a +0 short sword.
You die...

.# .# . . .#. )..
#b# #.####o####.#
#....oo)....# #@#
#.# #.# #.# #.#
#.# #.# #.#
###########
#.######....<.....


You could see 3 orcs and a bat.

Vanquished Creatures
  A dart slug (D:1)
  2 orcs (D:2)
  3 bats (D:1)
  A goblin (D:1)
  3 hobgoblins (D:1)
  3 kobolds (D:1)
  4 ball pythons (D:1)
17 creatures vanquished.

Notes
Turn   | Place    | Note
-------+----------+-------------------------------------------
     0 | D:1      | qw the Spriggan Hunter began the quest for the Orb.
     0 | D:1      | Reached XP level 1. HP: 10/10 MP: 2/2
     0 | D:1      | 0 ||| qw: Version: 0.3-a-155-g5e7d8dd
     0 | D:1      | 0 ||| qw: Game counter: 2280
     0 | D:1      | 0 ||| qw: Melee chars always use a shield: true
     0 | D:1      | 0 ||| qw: God list: Okawaru
     0 | D:1      | 0 ||| qw: Allow faded altars: false
     0 | D:1      | 0 ||| qw: Do Orc after clearing Dungeon:15 true
     0 | D:1      | 0 ||| qw: Do second Lair branch before Depths: true
     0 | D:1      | 0 ||| qw: Lair rune preference: random
     0 | D:1      | 0 ||| qw: Goals: Normal
     0 | D:1      | 0 ||| PLANNING D:1-11
    74 | D:1      | Reached skill level 3 in Dodging
   276 | D:1      | Reached XP level 2. HP: 14/14 MP: 3/3
   306 | D:1      | Found a faded altar of an unknown god.
   787 | D:1      | 787 ||| UPGRADING to ring of willpower.
   788 | D:1      | 788 ||| READING 2 scrolls labelled DANGALAYWY.
   788 | D:1      | 788 ||| IDENTIFYING sapphire potion
   789 | D:1      | 789 ||| READING scroll of identify.
   789 | D:1      | 789 ||| IDENTIFYING green potion
   790 | D:1      | 790 ||| DROPPING scroll of butterflies.
   791 | D:1      | 791 ||| DROPPING potion of brilliance.
   792 | D:1      | 792 ||| DROPPING potion of attraction.
   877 | D:2      | HP: 2/14 [orc/+0 hand axe (2)]
   878 | D:2      | Slain by an orc

Levels and vault maps discovered:
D:1:      amcnicky_arrival_abandoned_market, layout_basic,
          basic_ecumenical_altar
D:2:      minmay_chambers_of_ones, layout_loops_ring

Skill      XL: |  1  2 |
---------------+-------+-----
Dodging        | 3 4 |  4.0
Fighting       | |  1.5
Ranged Weapons | |  4.2
Stealth        | |  1.5

Action                     || total
---------------------------++-------
   Fire: Shortbow          ||    54
    Use: Scroll            ||     2
 Armour: Robe              ||    11
  Dodge: Dodged            ||    48

Table legend:
 A = Non-vault XP
 B = Vault XP
 C = Vault XP percentage of total XP
 D = Non-vault monster count
 E = Vault monster count
 F = Vault count percentage of total count
                 A         B        C        D         E       F
            +---------+---------+-------+---------+---------+-------
      Total |      32 |       0 |   0.0 |      17 |       0 |   0.0
            +---------+---------+-------+---------+---------+-------
        D:1 |      26 |       0 |   0.0 |      15 |       0 |   0.0
        D:2 |       6 |       0 |   0.0 |       2 |       0 |   0.0
            +---------+---------+-------+---------+---------+-------
